 Dungeon Crawl Stone Soup version 0.23.0 (webtiles) character file.

Game seed: 11982874436229225675

20 vishdafish the Firebug (level 2, 0/20 HPs)
             Began as a Demonspawn Fire Elementalist on Feb 15, 2019.
             Slain by Terence
             ... wielding a +0 mace
              (4 damage)
             ... on level 2 of the Dungeon.
             The game lasted 00:01:46 (1161 turns).

vishdafish the Firebug (DsFE)                       Turns: 1161, Time: 00:01:46

Health: 0/20       AC:  3    Str:  8    XL:     2   Next: 58%
Magic:  1/5        EV: 18    Int: 16    God:
Gold:   67         SH:  0    Dex: 18    Spells: 4/5 levels left

rFire    . . .     SeeInvis .   g - +0 dagger
rCold    . . .     Gourm    .   (no shield)
rNeg     . . .     Faith    .   a - +0 robe
rPois    .         Spirit   .   b - +0 helmet
rElec    .         Reflect  .   (no cloak)
rCorr    .         Harm     .   (no gloves)
MR       .....                  (no boots)
Stlth    +++.......             (no amulet)
HPRegen  0.06/turn              (no ring)
MPRegen  0.09/turn              (no ring)

@: agile
A: hooves 1
a: no special abilities


You were on level 2 of the Dungeon.
You were very hungry.

You visited 1 branch of the dungeon, and saw 2 of its levels.

You collected 67 gold pieces.

Inventory:

Hand Weapons
 g - a +0 dagger (weapon)
Armour
 a - a +0 robe (worn)
 b - a +0 helmet (worn)
Scrolls
 d - 2 scrolls of immolation
 f - a scroll of teleportation {unknown}
Comestibles
 c - 3 rations


   Skills:
 - Level 0.4 Fighting
 + Level 2.0 Dodging
 - Level 2.0 Stealth
 - Level 0.1 Unarmed Combat
 + Level 2.0 Spellcasting
 + Level 1.0 Conjurations
 + Level 3.1 Fire Magic


You had 4 spell levels left.
You knew the following spells:

 Your Spells              Type           Power        Failure   Level  Hunger
a - Flame Tongue          Conj/Fire      #....        9%          1    #......

Your spell library contained the following spells:

 Spells                   Type           Power        Failure   Level  Hunger
 Throw Flame              Conj/Fire      #.....       13%         2    ###....
 Conjure Flame            Conj/Fire      #.......     26%         3    ###....
 Inner Flame              Hex/Fire       #.......     32%         3    ###....
 Sticky Flame             Conj/Fire      #.......     65%         4    #####..
 Fireball                 Conj/Fire      #.........   94%         5    ######.


Dungeon Overview and Level Annotations

Branches:
Dungeon (2/15)

Altars:

Annotations:
D:2 Terence


Innate Abilities, Weirdness & Mutations

You have large cloven feet.


Message History

It was a potion of agility.
You feel agile all of a sudden.
There is a stone staircase leading up here.
Casting: Flame Tongue (safe; 9% risk of failure)
Confirm with . or Enter, or press ? or * to list all spells.
Aiming: Flame Tongue (safe; 9% risk of failure)
Press: ? - help, Shift-Dir - straight line, f/p - Terence
Aim: Terence, wielding a +0 mace and wearing a +0 chain mail (moderately wounded)
The flame tongue hits Terence.
Terence is heavily wounded.
Terence closely misses you.
Casting: Flame Tongue (safe; 9% risk of failure)
Confirm with . or Enter, or press ? or * to list all spells.
Aiming: Flame Tongue (safe; 9% risk of failure)
Press: ? - help, Shift-Dir - straight line, f/p - Terence
Aim: Terence, wielding a +0 mace and wearing a +0 chain mail (moderately wounded)
The flame tongue hits Terence but does no damage.
Terence is moderately wounded.
Terence hits you with a +0 mace.
You die...

###############
#.....@........
#.#####@#####.
####.#.....
#...)..#
#..#.#...#
#..........>
......#######
####.### #.#


You could see Terence.

Vanquished Creatures
  A dart slug (D:1)
  2 giant cockroaches (D:1)
  3 goblins
  A hobgoblin (D:1)
  3 jackals (D:1)
  3 kobolds (D:1)
  3 rats
16 creatures vanquished.

Notes
Turn   | Place    | Note
-------+----------+-------------------------------------------
     0 | D:1      | vishdafish the Demonspawn Fire Elementalist began the quest
                  | for the Orb.
     0 | D:1      | Reached XP level 1. HP: 13/13 MP: 3/3
   679 | D:1      | Reached skill level 3 in Fire Magic
   694 | D:1      | Gained mutation: You have large cloven feet. [demonic
                  | ancestry]
   694 | D:1      | Reached XP level 2. HP: 15/20 MP: 3/5
  1144 | D:2      | Noticed Terence
  1161 | D:2      | Slain by Terence

Skill      XL: |  1  2 |
---------------+-------+-----
Fire Magic     | 3 |  3.1
Stealth        | 2 |  2.0
Dodging        | 2 |  2.0
Fighting       | |  0.4
Unarmed Combat | |  0.1
Spellcasting   | |  2.0
Conjurations   | |  1.0

Action                   || total
-------------------------++-------
Melee: Unarmed           ||    73
       Dagger            ||    14
       Kick              ||     8
 Cast: Flame Tongue      ||    17
  Use: Scroll            ||     1
       Potion            ||     1
 Stab: Sleeping          ||     2
Armor: Robe              ||    24
Dodge: Dodged            ||    49
